 Dungeon Crawl Stone Soup version 0.29.0-4-gdea44cf6ec (webtiles) character file.

Game seed: 3432477539770334925

15003 qw the Brawler (level 11, 0/87 HPs)
             Began as a Troll Cinder Acolyte on Sept 1, 2022.
             Was an Initiate of Ignis.
             Slain by a bone dragon (11 damage)
             ... on level 2 of the Abyss.
             The game lasted 00:05:29 (8382 turns).

qw the Brawler (Troll Cinder Acolyte)               Turns: 8382, Time: 00:05:29

Health: 0/87       AC:  7    Str: 28    XL:     11   Next: 96%
Magic:  11/11      EV: 10    Int: 10    God:    Ignis [......]
Gold:   496        SH:  0    Dex: 11    Spells: 12/12 levels left

rFire   + + .      SeeInvis +     - Unarmed
rCold   + + +      Faith    .   (no shield)
rNeg    . . .      Spirit   .   h - +4 skin of Zhor {*Englaciate rC+++ SInv}
rPois   .          Reflect  .   (helmet restricted)
rElec   .          Harm     .   (no cloak)
rCorr   .          Rampage  .   (gloves unavailable)
Will    .....                   (boots unavailable)
Stlth   +.........              d - amulet of regeneration
HPRegen 1.84/turn               p - ring of protection from fire
MPRegen 0.12/turn               s - +6 ring of dexterity

@: unable to read, unable to drink
A: large, unfitting armour, claws 3, regeneration 1, shaggy fur 1, tough skin 1,
[deformed body], [frail 2], [inability to drink after injury 2], [inability to
read after injury 2]
a: Renounce Religion, Rising Flame


You were on level 2 of the Abyss.
You worshipped Ignis.
Ignis was noncommittal.
You visited 1 branch of the dungeon, and saw 10 of its levels.
You visited the Abyss 1 time.
You also visited: Ossuary.

You collected 597 gold pieces.
You spent 101 gold pieces at shops.


Innate Abilities, Weirdness & Mutations

You are too large for most types of armour.
You have claws for hands.
Your natural rate of healing is unusually fast.
You are covered in fur. (AC +1)
You have tough skin. (AC +1)
[Armour fits poorly on your strangely shaped body.]
[You are very frail. (-20% HP)]
[You sometimes lose the ability to drink potions when taking damage.]
[You sometimes lose the ability to read scrolls when taking damage.]


   Skills:
 - Level 7.0 Fighting
 + Level 6.2 Throwing
 - Level 3.0 Dodging
 - Level 16.1 Unarmed Combat
 - Level 1.0 Spellcasting
 - Level 2.1 Fire Magic


You had 12 spell levels left.
You didn't know any spells.
Your spell library contained the following spells:

 Spells                   Type           Power      Damage    Failure   Level
 Scorch                   Fire           8%         2d5       22%         2

Inventory:

Missiles
 a - 6 boomerangs (quivered)
 k - 3 large rocks
Armour
 f - a +0 robe of resistance
 h - the +4 skin of Zhor (worn) {*Englaciate rC+++ SInv}
   (You acquired it on level 7 of the Dungeon)

   It radiates cold, occasionally slowing all nearby creatures who are not
   resistant to cold.
   rC:        It renders you almost immune to cold.
   SInv:      It lets you see invisible.
 n - +0 swamp dragon scales
 r - +2 acid dragon scales
 u - a +0 tower shield
Jewellery
 b - a ring of willpower
 d - an amulet of regeneration (around neck)
 o - a ring of positive energy
 p - a ring of protection from fire (left claw)
 s - a +6 ring of dexterity (right claw)
 t - a ring of protection from cold
Scrolls
 g - 4 scrolls of identify
 l - a scroll of summoning {unknown}
Potions
 c - 4 potions of haste
 e - 10 potions of curing
 i - 2 potions of might
 j - a potion of ambrosia {unknown}
 m - 4 potions of mutation
 q - a potion of cancellation

Dungeon Overview and Level Annotations

Branches:
Dungeon (10/15)            Temple (0/1) D:4         Ossuary (visited)
   Lair: D:8-11         Orc: D:9-12

Altars:
Cheibriados
Elyvilon
Fedhas
Gozag
Makhleb
Nemelex Xobeh
Qazlal
Sif Muna
Trog
Vehumet
Xom
Yredelemnul
Zin

Shops:
D:2 *   D:4 (

Annotations:
D:10 Joseph


Message History

The wretched star is almost destroyed.
You mangle the wretched star!!
You destroy the wretched star!
Your Fighting skill increases to level 7!
The substance of the Abyss twists violently, and a gateway leading out appears!
You can read scrolls again.
There is a gateway leading out of the Abyss here.
You are suddenly pulled into a different region of the Abyss!
A bone dragon comes into view.
The bone dragon bites you. The bone dragon closely misses you.
The bone dragon tramples you but does no damage.
You scratch the bone dragon but do no damage.
You mangle the bone dragon!!
The bone dragon is lightly damaged.
The bone dragon barely misses you. The bone dragon claws you!
The bone dragon tramples you.
You hold your ground!
You scratch the bone dragon but do no damage.
You claw the bone dragon, but do no damage.
The bone dragon is lightly damaged.
The bone dragon bites you!
You feel threatened and lose the ability to read scrolls!
You feel threatened and lose the ability to drink potions!
The bone dragon claws you. The bone dragon tramples you!
You hold your ground!
You claw the bone dragon! Your claw misses the bone dragon.
The bone dragon is moderately damaged.
You claw the bone dragon!
You claw the bone dragon, but do no damage.
The bone dragon is moderately damaged.
The bone dragon closely misses you. x2; The bone dragon barely misses you.
You claw the bone dragon! You claw the bone dragon.
The bone dragon is moderately damaged.
The bone dragon bites you!!
The bone dragon claws you but does no damage.
The bone dragon tramples you!
You hold your ground!
You mangle the bone dragon!!
The bone dragon is heavily damaged.
You scratch the bone dragon.
The bone dragon is heavily damaged.
The bone dragon bites you!
You die...

# ##.. .. #. ...
...#.# ###.## #
...##.##....###.##
..................
..................
...........D......
..........@# . #
.....##.# .. #
......##.#....
...............
###.##.#.#.#.#. #
##..#.### . #....#
. #... #..# ###
#...#


You could see a bone dragon.

Vanquished Creatures
  A daeva (Abyss:2)
  2 two-headed ogres (D:10)
  A large abomination (Abyss:2)
  A wretched star (Abyss:2)
  Amaemon (D:10)
  2 sixfirhies (Abyss:2)
  A cyclops (D:7)
  A will-o-the-wisp (Abyss:2)
  3 slime creatures (D:10)
  An orange demon (D:10)
  Maggie (D:8)
  A red devil (Abyss:2)
  An ancient zyme (Abyss:2)
  A shadow (D:10)
  2 wraiths
  A vampire (D:8)
  5 yaks (D:6)
  3 vampire mosquitoes (D:10)
  4 steam dragons
  A spatial vortex (Abyss:2)
  Menkaure (D:6)
  Edmund (D:6)
  An acid dragon (D:7)
  2 sky beasts
  4 orc warriors
  2 black bears
  4 ice beasts
  An ogre (D:5)
  6 centaurs
  2 phantoms
  A kobold brigand (D:8)
  3 bullfrogs (D:7)
  A necrophage (D:4)
  2 gnoll sergeants
  9 wights
  9 scorpions (Ossuary)
  5 killer bees (D:9)
  3 howler monkeys (D:9)
  A human zombie (Ossuary)
  A centaur zombie (Ossuary)
  4 hounds
  A jelly (D:5)
  6 orc priests
  3 scorpion zombies (Ossuary)
  4 iguanas
  Natasha (thrice) (D:2)
  10 orc wizards
  3 mummies (Ossuary)
  9 gnolls
  7 adders
  2 shadow imps
  A white imp (D:5)
  2 worms (D:3)
  4 dart slugs
  30 orcs
  5 ball pythons
  4 endoplasms
  3 giant cockroaches
  3 gnoll zombies (Ossuary)
  11 goblins
  5 hobgoblins
  4 jackals
  16 kobolds
  3 quokkas
  7 bats
  12 frilled lizards
  2 goblin zombies (Ossuary)
  4 hobgoblin zombies (Ossuary)
  5 kobold zombies (Ossuary)
  3 orc zombies (Ossuary)
  6 rats
  A spectral orc (D:8)
276 creatures vanquished.

Vanquished Creatures (others)
  8 foxfires (Abyss:2)
8 creatures vanquished.

Grand Total: 284 creatures vanquished

Notes
Turn   | Place    | Note
-------+----------+-------------------------------------------
     0 | D:1      | qw the Troll Cinder Acolyte began the quest for the Orb.
     0 | D:1      | Reached XP level 1. HP: 22/22 MP: 1/1
     0 | D:1      | 0 ||| qw: Version: 0.1-a-97-g2dd2ca4
     0 | D:1      | 0 ||| qw: Game counter: 4830
     0 | D:1      | 0 ||| qw: Always use a shield: true
     0 | D:1      | 0 ||| qw: God list: Okawaru
     0 | D:1      | 0 ||| qw: Allow faded altars: false
     0 | D:1      | 0 ||| qw: Do Orc after D:15 true
     0 | D:1      | 0 ||| qw: Do second Lair branch before Depths: true
     0 | D:1      | 0 ||| qw: Lair rune preference: random
     0 | D:1      | 0 ||| qw: Plans: Normal
     0 | D:1      | 0 ||| PLANNING D:1-11
   120 | D:1      | 120 ||| Stepping ~*~*~tactically~*~*~ (hiding).
   125 | D:1      | 125 ||| Stepping ~*~*~tactically~*~*~ (hiding).
   245 | D:1      | 245 ||| Stepping ~*~*~tactically~*~*~ (stealth).
   246 | D:1      | 246 ||| Stepping ~*~*~tactically~*~*~ (stealth).
   254 | D:1      | 254 ||| Stepping ~*~*~tactically~*~*~ (outnumbered).
   255 | D:1      | 255 ||| Stepping ~*~*~tactically~*~*~ (outnumbered).
   257 | D:1      | Reached XP level 2. HP: 19/29 MP: 2/2
   362 | D:1      | 362 ||| Stepping ~*~*~tactically~*~*~ (stealth).
   363 | D:1      | 363 ||| Stepping ~*~*~tactically~*~*~ (stealth).
   370 | D:1      | Reached skill level 4 in Unarmed Combat
   394 | D:1      | 394 ||| Stepping ~*~*~tactically~*~*~ (hiding).
   494 | D:1      | Reached XP level 3. HP: 33/36 MP: 3/3
   866 | D:1      | 866 ||| READING scroll labelled BIXISYHIOB.
   922 | D:2      | Found an opulent altar of Gozag.
   961 | D:2      | 961 ||| Stepping ~*~*~tactically~*~*~ (stealth).
   963 | D:2      | 963 ||| INVOKING Fiery Armour.
   969 | D:2      | 969 ||| Stepping ~*~*~tactically~*~*~ (outnumbered).
  1060 | D:2      | Noticed Natasha
  1061 | D:2      | 1061 ||| Stepping ~*~*~tactically~*~*~ (hiding).
  1062 | D:2      | 1062 ||| Stepping ~*~*~tactically~*~*~ (hiding).
  1067 | D:2      | Killed Natasha
  1068 | D:2      | Reached skill level 5 in Unarmed Combat
  1068 | D:2      | Reached XP level 4. HP: 44/44 MP: 4/4
  1366 | D:2      | 1366 ||| Stepping ~*~*~tactically~*~*~ (hiding).
  1371 | D:2      | Noticed Natasha
  1375 | D:2      | Found a faded altar of an unknown god.
  1385 | D:2      | 1385 ||| INVOKING Fiery Armour.
  1385 | D:2      | HP: 11/44 [goblin/+0 club (4)]
  1386 | D:2      | Killed Natasha
  1394 | D:2      | Noticed Natasha
  1395 | D:2      | 1395 ||| FLEEEEING.
  1396 | D:2      | 1396 ||| FLEEEEING.
  1397 | D:2      | 1397 ||| FLEEEEING.
  1398 | D:2      | 1398 ||| FLEEEEING.
  1399 | D:2      | 1399 ||| FLEEEEING.
  1400 | D:2      | 1400 ||| FLEEEEING.
  1401 | D:2      | 1401 ||| FLEEEEING.
  1409 | D:2      | Killed Natasha
  1410 | D:2      | Reached XP level 5. HP: 27/50 MP: 5/5
  1507 | D:2      | Found Joar's Assorted Antiques.
  1517 | D:2      | 1517 ||| BUYING brown potion (19 gold).
  1517 | D:2      | Bought a brown potion for 19 gold pieces
  1517 | D:2      | 1517 ||| BUYING fuming white potion (19 gold).
  1517 | D:2      | Bought a fuming white potion for 19 gold pieces
  1517 | D:2      | 1517 ||| BUYING scroll labelled TUSEGUILYU (22 gold).
  1517 | D:2      | Bought a scroll labelled TUSEGUILYU for 22 gold pieces
  1517 | D:2      | 1517 ||| BUYING scroll labelled UVYBRU KEOVO (22 gold).
  1517 | D:2      | Bought a scroll labelled UVYBRU KEOVO for 22 gold pieces
  1517 | D:2      | 1517 ||| SHOPLISTING scroll of enchant armour (165 gold,
                  | have 43).
  1517 | D:2      | 1517 ||| BUYING sedimented dark potion (19 gold).
  1517 | D:2      | Bought a sedimented dark potion for 19 gold pieces
  1517 | D:2      | 1517 ||| UPGRADING to amulet of regeneration.
  1522 | D:2      | 1522 ||| READING 2 scrolls labelled NOKHLE MEON.
  1523 | D:2      | 1523 ||| READING scroll labelled REUDAN ENIDGH.
  1526 | D:2      | 1526 ||| READING scroll labelled TUSEGUILYU.
  1527 | D:2      | 1527 ||| READING scroll labelled UVYBRU KEOVO.
  1528 | D:2      | 1528 ||| DRINKING 2 purple potions.
  1529 | D:2      | 1529 ||| DRINKING 3 puce potions.
  1530 | D:2      | 1530 ||| DROPPING potion of flight.
  1751 | D:3      | Reached skill level 6 in Unarmed Combat
  1778 | D:3      | 1778 ||| Stepping ~*~*~tactically~*~*~ (stealth).
  1783 | D:3      | 1783 ||| Stepping ~*~*~tactically~*~*~ (stealth).
  2215 | D:3      | 2215 ||| UPGRADING to +0 robe of resistance.
  2225 | D:3      | 2225 ||| DROPPING +0 robe.
  2226 | D:3      | 2226 ||| UPGRADING to ring of positive energy.
  2227 | D:3      | 2227 ||| DRINKING 2 brown potions.
  2228 | D:3      | 2228 ||| READING 3 scrolls of identify.
  2228 | D:3      | 2228 ||| IDENTIFYING blue potion
  2229 | D:3      | 2229 ||| READING 2 scrolls of identify.
  2229 | D:3      | 2229 ||| IDENTIFYING fuming white potion
  2230 | D:3      | 2230 ||| DROPPING potion of lignification.
  2287 | D:4      | 2287 ||| STAIRDANCE
  2315 | D:4      | 2315 ||| Stepping ~*~*~tactically~*~*~ (stealth).
  2488 | D:4      | 2488 ||| Stepping ~*~*~tactically~*~*~ (stealth).
  2508 | D:4      | Reached XP level 6. HP: 58/59 MP: 6/6
  2535 | D:4      | Reached skill level 7 in Unarmed Combat
  2561 | D:4      | Found a staircase to the Ecumenical Temple.
  2672 | D:4      | Found a burning altar of Makhleb.
  2672 | D:4      | Noticed a blizzard demon
  2816 | D:4      | Found Mobled Fomo's Weapon Shoppe.
  2979 | D:4      | 2979 ||| READING 3 scrolls of identify.
  2979 | D:4      | 2979 ||| IDENTIFYING fuming purple potion
  2980 | D:4      | 2980 ||| READING 2 scrolls of identify.
  2980 | D:4      | 2980 ||| IDENTIFYING sedimented dark potion
  2981 | D:4      | 2981 ||| DROPPING potion of degeneration.
  2993 | D:5      | Entered Level 5 of the Dungeon
  2995 | D:5      | 2995 ||| Stepping ~*~*~tactically~*~*~ (hiding).
  3117 | D:5      | 3117 ||| Stepping ~*~*~tactically~*~*~ (stealth).
  3118 | D:5      | 3118 ||| Stepping ~*~*~tactically~*~*~ (stealth).
  3120 | D:5      | 3120 ||| Stepping ~*~*~tactically~*~*~ (stealth).
  3121 | D:5      | 3121 ||| Stepping ~*~*~tactically~*~*~ (stealth).
  3123 | D:5      | 3123 ||| Stepping ~*~*~tactically~*~*~ (hiding).
  3124 | D:5      | 3124 ||| Stepping ~*~*~tactically~*~*~ (hiding).
  3129 | D:5      | 3129 ||| INVOKING Fiery Armour.
  3130 | D:5      | 3130 ||| Stepping ~*~*~tactically~*~*~ (outnumbered).
  3131 | D:5      | 3131 ||| DRINKING 4 potions of curing.
  3131 | D:5      | 3131 ||| (to cure confusion)
  3136 | D:5      | 3136 ||| Stepping ~*~*~tactically~*~*~ (outnumbered).
  3137 | D:5      | 3137 ||| Stepping ~*~*~tactically~*~*~ (outnumbered).
  3154 | D:5      | Found the +7 staff of the Meek {protect, meekguard}
  3179 | D:5      | Reached skill level 8 in Unarmed Combat
  3179 | D:5      | Reached XP level 7. HP: 66/66 MP: 7/7
  3216 | D:5      | Reached skill level 3 in Fighting
  3229 | D:5      | Identified the +6 quarterstaff of Certain Death {vorpal,
                  | rF+ Str+3}
  3545 | D:5      | Noticed a steam dragon
  3551 | D:5      | Killed a steam dragon
  3552 | D:5      | Reached skill level 9 in Unarmed Combat
  3590 | D:5      | 3590 ||| FLEEEEING.
  3592 | D:5      | 3592 ||| FLEEEEING.
  3593 | D:5      | 3593 ||| FLEEEEING.
  3594 | D:5      | 3594 ||| FLEEEEING.
  3595 | D:5      | 3595 ||| FLEEEEING.
  3596 | D:5      | 3596 ||| FLEEEEING.
  3597 | D:5      | 3597 ||| FLEEEEING.
  3598 | D:5      | 3598 ||| FLEEEEING.
  3599 | D:5      | 3599 ||| FLEEEEING.
  3600 | D:5      | 3600 ||| FLEEEEING.
  3601 | D:5      | 3601 ||| FLEEEEING.
  3602 | D:5      | 3602 ||| FLEEEEING.
  3603 | D:5      | 3603 ||| FLEEEEING.
  3604 | D:5      | 3604 ||| FLEEEEING.
  3606 | D:5      | 3606 ||| FLEEEEING.
  3607 | D:5      | 3607 ||| FLEEEEING.
  3608 | D:5      | 3608 ||| FLEEEEING.
  3609 | D:5      | 3609 ||| FLEEEEING.
  3613 | D:5      | 3613 ||| STAIRDANCE
  3855 | D:6      | 3855 ||| PLANNING OSSUARY
  3881 | D:6      | Noticed Menkaure
  3886 | D:6      | Killed Menkaure
  3887 | D:6      | Reached XP level 8. HP: 46/75 MP: 8/8
  3935 | D:6      | Found a sparkling altar of Nemelex Xobeh.
  3940 | D:6      | Reached skill level 1 in Dodging
  4065 | D:6      | Noticed Edmund
  4076 | D:6      | Killed Edmund
  4077 | D:6      | Reached skill level 10 in Unarmed Combat
  4090 | D:6      | 4090 ||| Stepping ~*~*~tactically~*~*~ (hiding).
  4097 | D:6      | 4097 ||| Stepping ~*~*~tactically~*~*~ (outnumbered).
  4102 | D:6      | 4102 ||| INVOKING Fiery Armour.
  4110 | D:6      | HP: 18/75 [gnoll/+0 spear[a gnoll sergeant] (4)]
  4111 | D:6      | 4111 ||| READING scroll of teleportation.
  4197 | D:6      | 4197 ||| Stepping ~*~*~tactically~*~*~ (outnumbered).
  4198 | D:6      | 4198 ||| Stepping ~*~*~tactically~*~*~ (outnumbered).
  4200 | D:6      | 4200 ||| Stepping ~*~*~tactically~*~*~ (outnumbered).
  4213 | D:6      | Reached XP level 9. HP: 46/85 MP: 9/9
  4217 | D:6      | 4217 ||| INVOKING Fiery Armour.
  4219 | D:6      | Reached skill level 11 in Unarmed Combat
  4517 | D:6      | Found a sand-covered staircase.
  4518 | D:6      | 4518 ||| READING scroll labelled PUKHLI GOUJAEF.
  4519 | D:6      | 4519 ||| READING scroll labelled MEARRUTRITHRI.
  4520 | D:6      | 4520 ||| READING 2 scrolls of identify.
  4520 | D:6      | 4520 ||| IDENTIFYING bubbling grey potion
  4521 | D:6      | 4521 ||| DROPPING potion of magic.
  4527 | Ossuary  | Entered an ossuary
  4589 | Ossuary  | 4589 ||| Stepping ~*~*~tactically~*~*~ (outnumbered).
  4590 | Ossuary  | 4590 ||| Stepping ~*~*~tactically~*~*~ (outnumbered).
  4591 | Ossuary  | 4591 ||| Stepping ~*~*~tactically~*~*~ (outnumbered).
  4593 | Ossuary  | 4593 ||| Stepping ~*~*~tactically~*~*~ (outnumbered).
  4594 | Ossuary  | 4594 ||| Stepping ~*~*~tactically~*~*~ (outnumbered).
  4652 | Ossuary  | Reached skill level 12 in Unarmed Combat
  4679 | Ossuary  | 4679 ||| Stepping ~*~*~tactically~*~*~ (outnumbered).
  4683 | Ossuary  | 4683 ||| INVOKING Fiery Armour.
  4693 | Ossuary  | 4693 ||| Stepping ~*~*~tactically~*~*~ (outnumbered).
  4695 | Ossuary  | 4695 ||| Stepping ~*~*~tactically~*~*~ (outnumbered).
  4763 | Ossuary  | 4763 ||| Stepping ~*~*~tactically~*~*~ (stealth).
  4772 | Ossuary  | 4772 ||| Stepping ~*~*~tactically~*~*~ (stealth).
  4845 | Ossuary  | 4845 ||| UPGRADING to ring of willpower.
  4846 | Ossuary  | 4846 ||| UPGRADING to ring of protection from fire.
  4848 | Ossuary  | 4848 ||| READING scroll labelled EHAOMA JAUJIQ.
  4849 | Ossuary  | 4849 ||| READING scroll labelled SASHYQ PIHE.
  4873 | Ossuary  | 4873 ||| DRINKING 2 murky grey potions.
  4874 | Ossuary  | 4874 ||| READING 3 scrolls of identify.
  4874 | Ossuary  | 4874 ||| IDENTIFYING pink potion
  4875 | Ossuary  | 4875 ||| READING 2 scrolls of identify.
  4875 | Ossuary  | 4875 ||| IDENTIFYING dark potion
  4876 | Ossuary  | 4876 ||| DROPPING potion of attraction.
  4911 | D:6      | 4911 ||| PLANNING D:1-11
  5081 | D:6      | 5081 ||| READING 2 scrolls of identify.
  5081 | D:6      | 5081 ||| IDENTIFYING green potion
  5082 | D:6      | 5082 ||| DROPPING potion of berserk rage.
  5126 | D:7      | 5126 ||| Stepping ~*~*~tactically~*~*~ (hiding).
  5127 | D:7      | 5127 ||| Stepping ~*~*~tactically~*~*~ (hiding).
  5129 | D:7      | 5129 ||| Stepping ~*~*~tactically~*~*~ (hiding).
  5203 | D:7      | 5203 ||| Stepping ~*~*~tactically~*~*~ (stealth).
  5204 | D:7      | 5204 ||| Stepping ~*~*~tactically~*~*~ (stealth).
  5205 | D:7      | 5205 ||| Stepping ~*~*~tactically~*~*~ (stealth).
  5217 | D:7      | 5217 ||| Stepping ~*~*~tactically~*~*~ (outnumbered).
  5225 | D:7      | 5225 ||| Stepping ~*~*~tactically~*~*~ (stealth).
  5341 | D:7      | Reached skill level 13 in Unarmed Combat
  5341 | D:7      | 5341 ||| INVOKING Fiery Armour.
  5345 | D:7      | Reached XP level 10. HP: 26/96 MP: 10/10
  5345 | D:7      | HP: 19/96 [wight/+0 halberd (8)]
  5346 | D:7      | 5346 ||| DRINKING potion of heal wounds.
  5350 | D:7      | HP: 22/96 [centaur/arrow (12)]
  5421 | D:7      | 5421 ||| Stepping ~*~*~tactically~*~*~ (outnumbered).
  5422 | D:7      | 5422 ||| Stepping ~*~*~tactically~*~*~ (outnumbered).
  5423 | D:7      | 5423 ||| Stepping ~*~*~tactically~*~*~ (outnumbered).
  5424 | D:7      | 5424 ||| Stepping ~*~*~tactically~*~*~ (outnumbered).
  5425 | D:7      | 5425 ||| Stepping ~*~*~tactically~*~*~ (outnumbered).
  5426 | D:7      | 5426 ||| Stepping ~*~*~tactically~*~*~ (outnumbered).
  5427 | D:7      | 5427 ||| Stepping ~*~*~tactically~*~*~ (outnumbered).
  5428 | D:7      | 5428 ||| Stepping ~*~*~tactically~*~*~ (outnumbered).
  5429 | D:7      | 5429 ||| Stepping ~*~*~tactically~*~*~ (outnumbered).
  5527 | D:7      | Noticed a cyclops
  5543 | D:7      | Killed a cyclops
  5859 | D:7      | 5859 ||| DROPPING +0 steam dragon scales.
  5860 | D:7      | 5860 ||| UPGRADING to +0 acid dragon scales.
  5870 | D:7      | 5870 ||| READING 2 scrolls of enchant armour.
  5870 | D:7      | 5870 ||| ENCHANTING +0 acid dragon scales.
  5871 | D:7      | 5871 ||| READING scroll of enchant armour.
  5871 | D:7      | 5871 ||| ENCHANTING +1 acid dragon scales.
  5872 | D:7      | 5872 ||| UPGRADING to +6 ring of dexterity.
  5874 | D:7      | 5874 ||| READING scroll labelled AFUXUM IR MIQYALE.
  5874 | D:7      | Identified a scroll of acquirement
  5874 | D:7      | 5874 ||| ACQUIRING +4 skin of Zhor {*Englaciate rC+++ SInv}
  5874 | D:7      | Acquired the +4 skin of Zhor {*Englaciate rC+++ SInv}
  5874 | D:7      | Found the +4 skin of Zhor {*Englaciate rC+++ SInv}
  5876 | D:7      | 5876 ||| UPGRADING to +4 skin of Zhor {*Englaciate rC+++
                  | SInv}.
  5886 | D:7      | 5886 ||| READING scroll labelled VULIUGH WOAWN.
  5941 | D:8      | 5941 ||| Stepping ~*~*~tactically~*~*~ (hiding).
  5945 | D:8      | 5945 ||| Stepping ~*~*~tactically~*~*~ (stealth).
  5954 | D:8      | 5954 ||| Stepping ~*~*~tactically~*~*~ (hiding).
  5956 | D:8      | 5956 ||| Stepping ~*~*~tactically~*~*~ (hiding).
  5959 | D:8      | 5959 ||| Stepping ~*~*~tactically~*~*~ (hiding).
  5969 | D:8      | 5969 ||| INVOKING Fiery Armour.
  5978 | D:8      | 5978 ||| Stepping ~*~*~tactically~*~*~ (outnumbered).
  6044 | D:8      | Noticed Maggie
  6045 | D:8      | 6045 ||| Stepping ~*~*~tactically~*~*~ (hiding).
  6163 | D:8      | Reached skill level 3 in Throwing
  6182 | D:8      | Found a basalt altar of Yredelemnul.
  6430 | D:8      | Found a radiant altar of Vehumet.
  6431 | D:8      | Found a stormy altar of Qazlal.
  6435 | D:8      | Found a shimmering altar of Xom.
  6436 | D:8      | Found a glowing silver altar of Zin.
  6441 | D:8      | Found a blossoming altar of Fedhas.
  6443 | D:8      | Found a bloodstained altar of Trog.
  6443 | D:8      | Found a snail-covered altar of Cheibriados.
  6447 | D:8      | Found a white marble altar of Elyvilon.
  6453 | D:8      | 6453 ||| Stepping ~*~*~tactically~*~*~ (hiding).
  6454 | D:8      | 6454 ||| Stepping ~*~*~tactically~*~*~ (hiding).
  6456 | D:8      | 6456 ||| Stepping ~*~*~tactically~*~*~ (hiding).
  6823 | D:8      | 6823 ||| Stepping ~*~*~tactically~*~*~ (hiding).
  6836 | D:8      | Killed Maggie
  6977 | D:8      | Found a shimmering blue altar of Sif Muna.
  6997 | D:9      | 6997 ||| INVOKING Fiery Armour.
  6998 | D:9      | 6998 ||| STAIRDANCE
  7004 | D:9      | 7004 ||| STAIRDANCE
  7006 | D:8      | 7006 ||| Stepping ~*~*~tactically~*~*~ (outnumbered).
  7007 | D:8      | 7007 ||| Stepping ~*~*~tactically~*~*~ (outnumbered).
  7008 | D:8      | 7008 ||| Stepping ~*~*~tactically~*~*~ (outnumbered).
  7009 | D:8      | 7009 ||| Stepping ~*~*~tactically~*~*~ (outnumbered).
  7021 | D:9      | 7021 ||| STAIRDANCE
  7063 | D:9      | Reached skill level 3 in Dodging
  7069 | D:9      | Reached skill level 14 in Unarmed Combat
  7100 | D:9      | 7100 ||| READING scroll of teleportation.
  7175 | D:9      | 7175 ||| INVOKING Fiery Armour.
  7183 | D:9      | 7183 ||| FLEEEEING.
  7184 | D:9      | 7184 ||| FLEEEEING.
  7185 | D:9      | 7185 ||| FLEEEEING.
  7186 | D:9      | 7186 ||| FLEEEEING.
  7187 | D:9      | 7187 ||| FLEEEEING.
  7359 | D:10     | Entered Level 10 of the Dungeon
  7376 | D:10     | Reached skill level 6 in Fighting
  7432 | D:10     | Noticed Amaemon
  7433 | D:10     | 7433 ||| Stepping ~*~*~tactically~*~*~ (hiding).
  7435 | D:10     | 7435 ||| Stepping ~*~*~tactically~*~*~ (hiding).
  7437 | D:10     | 7437 ||| Stepping ~*~*~tactically~*~*~ (hiding).
  7448 | D:10     | 7448 ||| Stepping ~*~*~tactically~*~*~ (outnumbered).
  7449 | D:10     | 7449 ||| Stepping ~*~*~tactically~*~*~ (outnumbered).
  7457 | D:10     | 7457 ||| INVOKING Fiery Armour.
  7460 | D:10     | HP: 11/98 [Amaemon/+0 demon whip of venom (15)]
  7461 | D:10     | 7461 ||| DRINKING potion of heal wounds.
  7463 | D:10     | HP: 3/98 [Amaemon/+0 demon whip of venom (5)]
  7463 | D:10     | Killed Amaemon
  7464 | D:10     | Reached XP level 11. HP: 3/105 MP: 11/11
  7464 | D:10     | 7464 ||| DRINKING 10 potions of curing.
  7464 | D:10     | 7464 ||| (to cure poison)
  7519 | D:10     | 7519 ||| Stepping ~*~*~tactically~*~*~ (hiding).
  7521 | D:10     | 7521 ||| Stepping ~*~*~tactically~*~*~ (hiding).
  7527 | D:10     | Noticed a two-headed ogre
  7533 | D:10     | Reached skill level 6 in Throwing
  7537 | D:10     | Killed a two-headed ogre
  7555 | D:10     | 7555 ||| Stepping ~*~*~tactically~*~*~ (stealth).
  7559 | D:10     | 7559 ||| Stepping ~*~*~tactically~*~*~ (outnumbered).
  7560 | D:10     | 7560 ||| Stepping ~*~*~tactically~*~*~ (outnumbered).
  7561 | D:10     | 7561 ||| FLEEEEING.
  7562 | D:10     | 7562 ||| FLEEEEING.
  7563 | D:10     | 7563 ||| FLEEEEING.
  7669 | D:10     | 7669 ||| INVOKING Fiery Armour.
  7675 | D:10     | 7675 ||| Stepping ~*~*~tactically~*~*~ (outnumbered).
  7677 | D:10     | 7677 ||| Stepping ~*~*~tactically~*~*~ (outnumbered).
  7684 | D:10     | 7684 ||| Stepping ~*~*~tactically~*~*~ (outnumbered).
  7686 | D:10     | 7686 ||| Stepping ~*~*~tactically~*~*~ (outnumbered).
  7687 | D:10     | 7687 ||| Stepping ~*~*~tactically~*~*~ (outnumbered).
  7689 | D:10     | 7689 ||| Stepping ~*~*~tactically~*~*~ (outnumbered).
  7690 | D:10     | 7690 ||| Stepping ~*~*~tactically~*~*~ (outnumbered).
  7692 | D:10     | 7692 ||| Stepping ~*~*~tactically~*~*~ (outnumbered).
  7788 | D:10     | Noticed a two-headed ogre
  7790 | D:10     | Killed a two-headed ogre
  7791 | D:10     | Reached skill level 15 in Unarmed Combat
  7808 | D:10     | Noticed Joseph
  7809 | D:10     | 7809 ||| Stepping ~*~*~tactically~*~*~ (hiding).
  7911 | D:10     | 7911 ||| Stepping ~*~*~tactically~*~*~ (hiding).
  7917 | Abyss:2  | Cast into level 2 of the Abyss (Joseph)
  7967 | Abyss:2  | Noticed a sixfirhy
  7968 | Abyss:2  | 7968 ||| Stepping ~*~*~tactically~*~*~ (stealth).
  7972 | Abyss:2  | 7972 ||| Stepping ~*~*~tactically~*~*~ (stealth).
  7977 | Abyss:2  | 7977 ||| INVOKING Fiery Armour.
  7981 | Abyss:2  | HP: 26/105 [sixfirhy (10)]
  7983 | Abyss:2  | Killed a sixfirhy
  8004 | Abyss:2  | 8004 ||| Stepping ~*~*~tactically~*~*~ (stealth).
  8010 | Abyss:2  | 8010 ||| Stepping ~*~*~tactically~*~*~ (stealth).
  8011 | Abyss:2  | 8011 ||| Stepping ~*~*~tactically~*~*~ (stealth).
  8012 | Abyss:2  | 8012 ||| Stepping ~*~*~tactically~*~*~ (stealth).
  8012 | Abyss:2  | Noticed a daeva
  8013 | Abyss:2  | 8013 ||| Stepping ~*~*~tactically~*~*~ (hiding).
  8027 | Abyss:2  | HP: 18/105 [will-o-the-wisp (13)]
  8028 | Abyss:2  | Killed a daeva
  8034 | Abyss:2  | HP: 14/105 [will-o-the-wisp/foxfire (2)]
  8044 | Abyss:2  | Noticed a large abomination
  8045 | Abyss:2  | 8045 ||| Stepping ~*~*~tactically~*~*~ (stealth).
  8052 | Abyss:2  | 8052 ||| Stepping ~*~*~tactically~*~*~ (stealth).
  8064 | Abyss:2  | 8064 ||| Stepping ~*~*~tactically~*~*~ (stealth).
  8071 | Abyss:2  | 8071 ||| Stepping ~*~*~tactically~*~*~ (stealth).
  8075 | Abyss:2  | Killed a large abomination
  8076 | Abyss:2  | Reached skill level 16 in Unarmed Combat
  8158 | Abyss:2  | Noticed a sixfirhy
  8158 | Abyss:2  | 8158 ||| Stepping ~*~*~tactically~*~*~ (stealth).
  8161 | Abyss:2  | Killed a sixfirhy
  8265 | Abyss:2  | Noticed a wretched star
  8285 | Abyss:2  | Killed a wretched star
  8371 | Abyss:2  | Noticed a bone dragon
  8380 | Abyss:2  | HP: 8/87 [bone dragon (17)]
  8382 | Abyss:2  | Slain by a bone dragon

Levels and vault maps discovered:
D:1:      dpeg_arrival_erosion, layout_basic
D:2:      layout_rooms, hellmonk_ecumenical_altar_lost_god, basic_altar,
          serial_shops, shop_fountains, minmay_lizard_pond, uniq_natasha
D:3:      layout_loops_ring
D:4:      layout_loops_ring, makhleb_altar_promises_db,
          minmay_temple_entry_tees, serial_shops, kennysheep_mini
D:5:      layout_basic, guppyfry_early_lair_pool
D:6:      layout_gridville, nemelex_xobeh_ov_fountains_minmay,
          nicolae_ossuary_entry_plus, chequers_jeans,
          nicolae_figureground_pulse, uniq_edmund, uniq_menkaure
D:7:      minmay_chambers_of_sixes, layout_cave_pools
D:8:      layout_basic, yredelemnul_forgotten_temple_becter,
          kennysheep_mini_moat, nicolae_overflow_hallway_of_the_gods,
          uniq_maggie
D:9:      layout_big_octagon
D:10:     layout_cave_pools, uniq_amaemon, uniq_joseph
Abyss:2:  base: D:1, evilmike_abyss_exit_8

Skill      XL: |  1  2  3  4  5  6  7  8  9 10 11 |
---------------+----------------------------------+-----
Unarmed Combat | 4 5 6 8 9 10 13 14 16 | 16.1
Fighting       | 3 4 5 6 7 |  7.0
Throwing       | 2 5 6 |  6.2
Dodging        | 1 3 |  3.0
Spellcasting   | |  1.0
Fire Magic     | |  2.1

Action                   |  1- 3 |  4- 6 |  7- 9 | 10-12 || total
-------------------------+-------+-------+-------+-------++-------
Melee: Unarmed           |    95 |   178 |   194 |   285 ||   752
       Punch             |     2 |     5 |     7 |    24 ||    38
Throw: Boomerang         |       |     1 |    44 |    14 ||    59
       Large rock        |       |       |       |    18 ||    18
Invok: Fiery Armour      |     1 |     2 |     4 |     6 ||    13
  Use: Scroll            |     1 |     8 |     9 |     5 ||    23
       Potion            |       |     4 |     1 |     3 ||     8
Armor: Robe              |    23 |    73 |    48 |     8 ||   152
       Animal skin       |       |       |       |    89 ||    89
Dodge: Dodged            |    36 |    47 |    79 |   125 ||   287

Table legend:
 A = Non-vault XP
 B = Vault XP
 C = Vault XP percentage of total XP
 D = Non-vault monster count
 E = Vault monster count
 F = Vault count percentage of total count
                 A         B        C        D         E       F
            +---------+---------+-------+---------+---------+-------
      Total |   17363 |    4070 |  19.0 |     224 |      51 |  18.5
            +---------+---------+-------+---------+---------+-------
        D:1 |      48 |       0 |   0.0 |      28 |       0 |   0.0
        D:2 |     112 |      39 |  25.8 |      13 |       5 |  27.8
        D:3 |      67 |       0 |   0.0 |      22 |       0 |   0.0
        D:4 |     187 |       0 |   0.0 |      20 |       0 |   0.0
        D:5 |     910 |       0 |   0.0 |      20 |       0 |   0.0
        D:6 |    1790 |     331 |  15.6 |      20 |       2 |   9.1
        D:7 |    1481 |    1086 |  42.3 |      19 |       6 |  24.0
        D:8 |    1118 |     405 |  26.6 |      22 |       2 |   8.3
        D:9 |    1387 |       0 |   0.0 |      31 |       0 |   0.0
       D:10 |    4682 |    1192 |  20.3 |      21 |       2 |   8.7
    Abyss:2 |    5581 |       0 |   0.0 |       8 |       0 |   0.0
    Ossuary |       0 |    1017 | 100.0 |       0 |      34 | 100.0
            +---------+---------+-------+---------+---------+-------
